 Dungeon Crawl Stone Soup version 0.21-a0-531-gacddea6 (webtiles) character file.

214 sugabear the Chopper (level 5, -1/43 HPs)
             Began as a Gnoll Wanderer on Dec 13, 2017.
             Slain by Blork the orc
             ... wielding a +1 dire flail of draining
              (4 damage)
             ... on level 4 of the Dungeon.
             The game lasted 00:03:36 (2613 turns).

sugabear the Chopper (Gnoll Wanderer)               Turns: 2613, Time: 00:03:37

Health: -1/43      AC:  5    Str: 14    XL:     5   Next: 91%
Magic:  7/7        EV: 10    Int: 22    God:
Gold:   117        SH:  0    Dex: 13    Spells: 7/7 levels left

rFire    . . .     SeeInvis .   a - +2 hand axe
rCold    . . .     Gourm    .   (no shield)
rNeg     . . .     Faith    .   n - +0 ring mail
rPois    .         Spirit   .   (no helmet)
rElec    .         Reflect  .   (no cloak)
rCorr    .         Harm     .   (no gloves)
MR       .....                  (no boots)
Stlth    +.........             (no amulet)
HPRegen  0.14/turn              (no ring)
MPRegen  0.10/turn              (no ring)

@: brilliant, flying, hasted, very heavily drained, very quick
A: distributed training, fangs 1, strong nose
a: no special abilities


You were on level 4 of the Dungeon.
You were not hungry.

You visited 1 branch of the dungeon, and saw 3 of its levels.

You collected 117 gold pieces.

Inventory:

Hand Weapons
 a - a +2 hand axe (weapon)
 b - a +0 shortbow
Missiles
 c - 65 arrows
Armour
 e - a +0 robe
 n - a +0 ring mail (worn)
Jewellery
 l - a +2 amulet of reflection {unknown}
Scrolls
 h - a scroll of random uselessness {unknown}
 i - 2 scrolls of enchant armour {unknown}
 q - a scroll of blinking {unknown}
Potions
 j - a potion of haste
 k - 2 potions of brilliance
 p - a potion of might {unknown}
 r - a potion of degeneration {unknown}
Comestibles
 f - 2 bread rations


   Skills:
 + Level 4.8(1.6) Fighting
 + Level 3.0(0.0) Short Blades
 + Level 1.6(0.0) Long Blades
 + Level 6.7(3.4) Axes
 + Level 1.6(0.0) Maces & Flails
 + Level 1.6(0.0) Polearms
 + Level 1.6(0.0) Staves
 + Level 1.6(0.0) Slings
 + Level 1.6(0.0) Bows
 + Level 1.6(0.0) Crossbows
 + Level 3.0(0.0) Throwing
 + Level 3.0(0.0) Armour
 + Level 1.6(0.0) Dodging
 + Level 2.8(0.0) Stealth
 + Level 1.6(0.0) Shields
 + Level 1.6(0.0) Unarmed Combat
 + Level 1.6(0.0) Spellcasting
 + Level 1.3(0.0) Conjurations
 + Level 1.3(0.0) Hexes
 + Level 1.3(0.0) Charms
 + Level 1.3(0.0) Summonings
 + Level 1.3(0.0) Necromancy
 + Level 1.3(0.0) Translocations
 + Level 1.3(0.0) Transmutations
 + Level 1.3(0.0) Fire Magic
 + Level 1.3(0.0) Ice Magic
 + Level 1.3(0.0) Air Magic
 + Level 1.3(0.0) Earth Magic
 + Level 1.3(0.0) Poison Magic
 + Level 1.8(0.0) Invocations
 + Level 3.0(0.0) Evocations


You had 7 spell levels left.
You didn't know any spells.

Dungeon Overview and Level Annotations

Branches:
Dungeon (2/15)

Altars:

Annotations:
D:2 1 runed door
D:4 Blork the orc


Innate Abilities, Weirdness & Mutations

Your experience applies equally to all skills.
You have very sharp teeth.
Your uncanny sense of smell can sniff out nearby items.


Message History

You hit something. Something hits you but does no damage.
You feel drained.
Unknown command.
It was a potion of magic.
Magic courses through your body. Something hits you!
* * * LOW HITPOINT WARNING * * *
You feel drained.
* * * LOW HITPOINT WARNING * * *
Something hits you but does no damage.
You feel drained.
Unknown command.
You feel much better.
It was a potion of flight.
You feel very buoyant.
You fly up into the air.
Something hits you!
You feel drained. Something hits you.
* * * LOW HITPOINT WARNING * * *
You feel drained.
* * * LOW HITPOINT WARNING * * *
You feel yourself speed up. Something hits you!
* * * LOW HITPOINT WARNING * * *
You feel drained.
You die...

#....#.####....#
#....#...### .##
#....###...# .#
#.......##.#..#
#....##.......#
########....#.#
#..##...#
######.## ...#
#..{@..# .#≈
#.###### #


There were no monsters in sight!

Vanquished Creatures
  The ghost of TySteely the Chiller, an amateur MfIE of Elyvilon (D:4)
  Terence (D:2)
  A worker ant (D:4)
  3 adders (D:2)
  3 worms (D:2)
  3 dart slugs
  2 leopard geckos
  4 bats
  2 giant cockroaches (D:2)
  3 goblins
  5 hobgoblins
  8 jackals (D:1)
  A quokka (D:2)
  3 frilled lizards (D:1)
  4 kobolds
  6 rats
50 creatures vanquished.

Notes
Turn   | Place    | Note
-------+----------+-------------------------------------------
     0 | D:1      | sugabear the Gnoll Wanderer began the quest for the Orb.
     0 | D:1      | sugabear set off with: a +2 hand axe, a +0 shortbow, 22 arrows, a potion of lignification, a +0 robe, a bread ration
     0 | D:1      | Reached XP level 1. HP: 20/20 MP: 2/2
    43 | D:1      | Reached XP level 2. HP: 24/26 MP: 3/3
   827 | D:1      | Reached XP level 3. HP: 31/31 MP: 4/4
   968 | D:2      | Reached skill level 1 in Invocations
  1389 | D:2      | Reached skill level 1 in Long Blades
  1389 | D:2      | Reached skill level 1 in Maces & Flails
  1389 | D:2      | Reached skill level 1 in Polearms
  1389 | D:2      | Reached skill level 1 in Staves
  1389 | D:2      | Reached skill level 1 in Slings
  1389 | D:2      | Reached skill level 1 in Bows
  1389 | D:2      | Reached skill level 1 in Crossbows
  1389 | D:2      | Reached skill level 1 in Dodging
  1389 | D:2      | Reached skill level 1 in Shields
  1389 | D:2      | Reached skill level 1 in Unarmed Combat
  1389 | D:2      | Reached skill level 1 in Spellcasting
  1401 | D:2      | Reached XP level 4. HP: 34/38 MP: 6/6
  1700 | D:2      | Found a runed door.
  1905 | D:2      | Noticed Terence
  1917 | D:2      | Killed Terence
  1917 | D:2      | Reached skill level 1 in Conjurations
  1917 | D:2      | Reached skill level 1 in Hexes
  1917 | D:2      | Reached skill level 1 in Charms
  1917 | D:2      | Reached skill level 1 in Summonings
  1917 | D:2      | Reached skill level 1 in Necromancy
  1917 | D:2      | Reached skill level 1 in Translocations
  1917 | D:2      | Reached skill level 1 in Transmutations
  1917 | D:2      | Reached skill level 1 in Fire Magic
  1917 | D:2      | Reached skill level 1 in Ice Magic
  1917 | D:2      | Reached skill level 1 in Air Magic
  1917 | D:2      | Reached skill level 1 in Earth Magic
  1917 | D:2      | Reached skill level 1 in Poison Magic
  2125 | D:2      | Reached XP level 5. HP: 42/43 MP: 7/7
  2153 | D:2      | You fall through a shaft for 2 floors!
  2153 | D:4      | Noticed TySteely's ghost (amateur MfIE)
  2172 | D:4      | Killed TySteely's ghost
  2591 | D:4      | Noticed Blork the orc
  2613 | D:4      | Slain by Blork the orc

Vault maps used:
D:1:      mrwooster_arrival_statue, minmay_hexomino_p4
D:2:      uniq_crazy_yiuf_cottage, uniq_terence
D:4:      first_bread, tgw_xom, uniq_blork_the_orc

Skill      XL: |  1  2  3  4  5 |
---------------+----------------+-----
Invocations    | 1 |  1.8
Long Blades    | 1 |  1.6
Maces & Flails | 1 |  1.6
Polearms       | 1 |  1.6
Staves         | 1 |  1.6
Slings         | 1 |  1.6
Bows           | 1 |  1.6
Crossbows      | 1 |  1.6
Dodging        | 1 |  1.6
Shields        | 1 |  1.6
Unarmed Combat | 1 |  1.6
Spellcasting   | 1 |  1.6
Conjurations   | 1 |  1.3
Hexes          | 1 |  1.3
Charms         | 1 |  1.3
Summonings     | 1 |  1.3
Necromancy     | 1 |  1.3
Translocations | 1 |  1.3
Transmutations | 1 |  1.3
Fire Magic     | 1 |  1.3
Ice Magic      | 1 |  1.3
Air Magic      | 1 |  1.3
Earth Magic    | 1 |  1.3
Poison Magic   | 1 |  1.3
Short Blades   | 3 |  3.0
Throwing       | 3 |  3.0
Armour         | 3 |  3.0
Evocations     | 3 |  3.0
Fighting       | |  4.8
Axes           | |  6.7
Stealth        | |  2.8

Action                   |  1- 3 |  4- 6 || total
-------------------------+-------+-------++-------
Melee: Hand axe          |   103 |    92 ||   195
       Bite              |     7 |     9 ||    16
       Punch             |     1 |       ||     1
  Use: Potion            |       |     8 ||     8
 Stab: Sleeping          |     1 |       ||     1
  Eat: Chunk             |     2 |     3 ||     5
Armor: Robe              |    13 |       ||    13
       Ring mail         |     8 |    21 ||    29
       Skin              |       |     5 ||     5
Dodge: Dodged            |    60 |    38 ||    98

Table legend:
 A = Spawn XP
 B = Non-spawn XP
 C = Spawn XP percentage of total XP
 D = Spawn monster count
 E = Non-spawn monster count
 F = Spawn count percentage of total count
 G = Total turns spent on level
                    A         B        C        D         E        F      G
               +---------+---------+-------+---------+---------+-------+---------
         Total |       0 |     306 |   0.0 |       0 |      50 |   0.0 |  2613
               +---------+---------+-------+---------+---------+-------+---------
           D:1 |       0 |      43 |   0.0 |       0 |      24 |   0.0 |   923
           D:2 |       0 |     124 |   0.0 |       0 |      24 |   0.0 |  1230
           D:4 |       0 |     139 |   0.0 |       0 |       2 |   0.0 |   460
               +---------+---------+-------+---------+---------+-------+---------
